 Dungeon Crawl Stone Soup version 0.22-a0-469-gf26638a (webtiles) character file.

46179 4thArraOfDagon the Fencer (level 14, -26/125 HPs)
             Began as a Minotaur Monk on June 13, 2018.
             Was a Priest of Cheibriados.
             Killed from afar by a deep elf mage (29 damage)
             ... with a bolt of negative energy
             ... on level 1 of the Elven Halls.
             The game lasted 00:35:04 (6755 turns).

4thArraOfDagon the Fencer (Minotaur Monk)           Turns: 6755, Time: 00:35:05

Health: -26/125    AC: 23    Str: 23 (24) XL:     14   Next: 3%
Magic:  13/29      EV: 16    Int: 18      God:    Cheibriados [***...]
Gold:   75         SH: 11    Dex: 27 (29) Spells: 18/23 levels left

rFire    . . .     SeeInvis .   z - +0 scimitar
rCold    + + +     Gourm    .   l - +2 shield
rNeg     . . .     Faith    +   O - +10 plate armour "Posiekki" {rPois rF- rC+++ Dex+4}
rPois    +         Spirit   .   i - +1 hat {MR+}
rElec    .         Reflect  .   u - +0 cloak
rCorr    .         Harm     .   v - +0 pair of gloves
MR       ++...                  (no boots)
Stlth    ..........             h - amulet of faith
HPRegen  0.30/turn              y - ring of protection from fire
MPRegen  0.21/turn              M - ring of Myegoed {rPois MP+9}

@: agile, drained, very slow
A: retaliatory headbutt, horns 2, deterioration 1
a: Bend Time, Temporal Distortion, Renounce Religion


You were on level 1 of the Elven Halls.
You worshipped Cheibriados.
Cheibriados was most pleased with you.
You were hungry.

You visited 4 branches of the dungeon, and saw 19 of its levels.

You collected 1790 gold pieces.
You spent 1715 gold pieces at shops.

Inventory:

Hand Weapons
 a - a +0 falchion
 z - a +0 scimitar (weapon)
Armour
 b - a +1 robe
 e - a +0 ring mail
 i - a +1 hat of magic resistance (worn)
 l - a +2 shield (worn)
 u - a +0 cloak (worn)
 v - a +0 pair of gloves (worn)
 I - a +0 troll leather armour
 L - a +2 robe of fire resistance
 O - the +10 plate armour "Posiekki" (worn) {rPois rF- rC+++ Dex+4}
   (You bought it in a shop on level 2 of the Orcish Mines)

   It affects your dexterity (+4).
   It makes you vulnerable to fire.
   It renders you almost immune to cold.
   It protects you from poison.
Magical Staves
 x - an uncursed staff of air
 G - an uncursed staff of power {unknown}
Jewellery
 h - an amulet of faith (around neck)
 q - an uncursed ring of resist corrosion
 y - a ring of protection from fire (left hand)
 D - an uncursed amulet of magic regeneration
 M - the ring of Myegoed (right hand) {rPois MP+9}
   (You found it on level 13 of the Dungeon)

   [ring of poison resistance]

   It protects you from poison.
   It affects your magic capacity (+9).
Wands
 t - a wand of flame (32)
 C - a wand of digging (11)
 F - a wand of disintegration (8)
 H - a wand of paralysis (1)
Scrolls
 d - a scroll of enchant armour
 g - 4 scrolls of enchant weapon
 n - a scroll of amnesia
 p - a scroll of magic mapping
 r - 7 scrolls of remove curse
 s - a scroll of immolation
 w - a scroll of fog
 B - a scroll of noise
 K - a scroll of random uselessness
 N - 2 scrolls of teleportation
Potions
 f - 2 potions of lignification
 j - a potion of agility
 k - a potion of curing
 m - 3 potions of brilliance
 o - a potion of cancellation
Comestibles
 c - 21 rations
 P - 3 chunks of flesh


   Skills:
 + Level 11.8(11.0) Fighting
 * Level 15.8(14.9) Long Blades
 + Level 1.8(1.2) Armour
 + Level 11.0(10.2) Dodging
 - Level 1.5(1.0) Stealth
 + Level 5.1(4.4) Spellcasting
 * Level 9.0(8.3) Earth Magic
 + Level 9.0(8.3) Invocations


You had 18 spell levels left.
You knew the following spells:

 Your Spells              Type           Power        Failure   Level  Hunger
a - Lee's Rapid Deconstr  Erth           ####......   100%        5    ######.

Your spell library contained the following spells:

 Spells                   Type           Power        Failure   Level  Hunger
 Conjure Flame            Conj/Fire      #.......     100%        3    ###....
 Lightning Bolt           Conj/Air       #.........   100%        5    ######.
 Freezing Cloud           Conj/Ice/Air   #.........   100%        6    #######
 Mephitic Cloud           Conj/Pois/Air  #.......     100%        3    ###....
 Ring of Flames           Chrm/Fire      #.........   100%        7    #######
 Summon Small Mammal      Summ           #...         100%        1    None
 Vampiric Draining        Necr           #.........   100%        3    ###....
 Summon Ice Beast         Ice/Summ       #.......     100%        4    ####...
 Call Imp                 Summ           #.......     100%        2    #......
 Dispel Undead            Necr           #.......     100%        5    ######.
 Corpse Rot               Necr           N/A          100%        2    #......
 Stone Arrow              Conj/Erth      ###...       100%        3    ###....
 Passwall                 Tmut/Erth      ###.....     99%         2    #......
 Call Canine Familiar     Summ           #.......     100%        3    ###....
 Shatter                  Erth           ####......   100%        9    #######
 Static Discharge         Conj/Air       #.......     100%        3    ###....
 Alistair's Intoxication  Tmut/Pois      #.......     100%        5    ######.
 Sandblast                Erth           ####..       58%         1    None
 Excruciating Wounds      Chrm/Necr      #.........   100%        5    ######.
 Petrify                  Tmut/Erth      ###.....     100%        4    ####...
 Tornado                  Air            #.........   100%        9    #######
 Summon Lightning Spire   Summ/Air       #.......     100%        4    ####...
 Summon Guardian Golem    Hex/Summ       #.......     100%        3    ###....
 Poisonous Vapours        Pois/Air       #.....       100%        2    #......
 Ignition                 Fire           #.........   100%        8    #######


Dungeon Overview and Level Annotations

Branches:
Dungeon (15/15)            Temple (1/1) D:7            Lair (0/6) D:8
    Orc (2/2) D:12            Elf (1/3) Orc:2        Vaults (0/5) D:14
 Depths: D:15

Altars:
Ashenzari
Cheibriados
Dithmenos
Elyvilon
Fedhas
Kikubaaqudgha
Makhleb
Okawaru
Ru
Sif Muna
Trog
Uskayaw
Zin
The Shining One
Beogh

Shops:
D:7 ?   D:13 :(   D:15 [   Orc:2 %[?(

Annotations:
D:4 Edmund


Innate Abilities, Weirdness & Mutations

You reflexively headbutt those who attack you in melee.
You have a pair of horns on your head.
Your body sometimes deteriorates upon taking damage.


Message History

Unknown command.
Unknown command.
You warp the flow of time around you!
You feel somewhat more hungry.
Unknown command.
You slash the deep elf mage! You headbutt the deep elf mage.
The deep elf mage is almost dead.
Something hits you but does no damage.
The soul eater draws from the surrounding life force!
* * * LOW HITPOINT WARNING * * *
The deep elf mage mumbles some strange words.
The jumping spider leaps!
Unknown command.
You hit the deep elf mage. Your headbutt misses the deep elf mage.
The deep elf mage is almost dead.
The soul eater disappears in a puff of smoke!
Something hits you!
* * * LOW HITPOINT WARNING * * *
The deep elf mage casts a spell at you. The bolt of negative energy hits you!
You feel drained.
You die...

#.# ##'##
#####...#
........+#
+####..§.#
#...##
#§).#
#.### #@#
#e# #r#
#r# #.#
#.# #.#
..#


You could see a deep elf mage and 2 hell rats.

Vanquished Creatures
  A deep elf sorcerer (Elf:1)
  Snorg (Orc:1)
  Josephine (D:14)
  A rakshasa (D:11)
  A hydra (D:12)
  4 centaur warriors
  5 two-headed ogres
  A tengu warrior (D:14)
  5 orc high priests
  A deep elf knight (Elf:1)
  A fire crab (shapeshifter) (Elf:1)
  2 unseen horrors (D:12)
  5 orc knights
  Pikel (D:6)
  8 deep elf magi
  5 cyclopes
  2 ugly things
  9 orc sorcerers
  A manticore (D:15)
  3 centaur zombies
  A gargoyle (D:13)
  2 centaur skeletons
  6 trolls
  A tengu conjurer (D:14)
  5 hippogriffs
  Sigmund (D:6)
  2 vampires
  2 water elementals
  5 wraiths (D:14)
  2 wyverns
  3 fire bats (D:12)
  A fire elemental (D:12)
  A steam dragon (D:12)
  14 yaks
  4 wargs
  2 hungry ghosts
  A soldier ant (D:12)
  A water moccasin (D:8)
  2 hell hounds
  4 ice beasts
  18 orc warriors
  A hornet zombie (D:15)
  2 sky beasts
  An eye of draining (D:12)
  8 ogres
  2 phantoms
  6 centaurs
  3 crocodiles
  3 big kobolds
  11 gnoll sergeants
  6 bullfrogs
  4 scorpions
  Dowan (D:6)
  4 killer bees (D:12)
  4 howler monkeys
  5 crimson imps
  7 bullfrog zombies
  A jelly (D:12)
  A quasit (D:10)
  A bullfrog skeleton (D:6)
  21 orc priests
  3 hounds
  Crazy Yiuf (D:6)
  5 iguanas
  14 orc wizards
  11 worker ants
  3 killer bee zombies
  A hound zombie (D:9)
  A mummy (D:4)
  A worker ant zombie (D:11)
  A howler monkey zombie (D:7)
  13 gnolls
  4 adders
  3 shadow imps
  2 worms (D:3)
  A leopard gecko (D:9)
  66 orcs
  3 giant cockroaches
  A goblin (D:3)
  2 hobgoblins (D:2)
  6 jackals
  5 quokkas
  A ball python (D:3)
  3 bats
  3 frilled lizards
  17 kobolds
  3 rats
402 creatures vanquished.

Vanquished Creatures (others)
  2 slaves (D:6)
  An ice beast (D:6)
  A hound (D:6)
  An adder (D:6)
  A frilled lizard (D:4)
6 creatures vanquished.

Grand Total: 408 creatures vanquished

Notes
Turn   | Place    | Note
-------+----------+-------------------------------------------
     0 | D:1      | 4thArraOfDagon the Minotaur Monk began the quest for the Orb.
     0 | D:1      | Reached XP level 1. HP: 19/19 MP: 0/0
    70 | D:1      | Reached skill level 4 in Long Blades
    70 | D:1      | Reached XP level 2. HP: 20/27 MP: 1/1
   242 | D:3      | Noticed an ice beast
   304 | D:2      | Noticed a bullfrog
   309 | D:2      | Killed a bullfrog
   309 | D:2      | Reached skill level 5 in Long Blades
   309 | D:2      | Reached XP level 3. HP: 27/34 MP: 2/2
   309 | D:2      | Reached XP level 4. HP: 33/41 MP: 3/3
   426 | D:4      | Found a bloodstained altar of Trog.
   436 | D:4      | Noticed Edmund
   455 | D:5      | Entered Level 5 of the Dungeon
   487 | D:6      | Noticed a centaur
   494 | D:6      | Killed a centaur
   494 | D:6      | Reached XP level 5. HP: 38/47 MP: 4/4
   577 | D:7      | Found Zimm's Magic Scroll Shoppe.
   588 | D:7      | Reached skill level 5 in Fighting
   588 | D:7      | Reached skill level 6 in Long Blades
   596 | D:7      | Noticed a centaur
   604 | D:7      | Killed a centaur
   604 | D:7      | Reached XP level 6. HP: 39/56 MP: 5/5
   611 | D:7      | Found a shadowy altar of Dithmenos.
   639 | D:7      | Bought a scroll of magic mapping for 38 gold pieces
   651 | D:7      | Found a staircase to the Ecumenical Temple.
   657 | D:7      | Noticed a hippogriff
   661 | Temple   | Entered the Ecumenical Temple
   712 | Temple   | Reached skill level 7 in Long Blades
   712 | Temple   | Reached skill level 5 in Dodging
   727 | Temple   | Became a worshipper of Cheibriados the Contemplative
   727 | Temple   | Reached * piety under Cheibriados
   727 | Temple   | Reached ** piety under Cheibriados
   823 | D:7      | Killed a hippogriff
   823 | D:7      | Reached skill level 1 in Invocations
   823 | D:7      | Reached XP level 7. HP: 57/62 MP: 6/6
   845 | D:7      | Found a hide-covered altar of Uskayaw.
   909 | D:6      | Noticed Pikel
   933 | D:6      | Killed Pikel
   933 | D:6      | Reached skill level 8 in Long Blades
   933 | D:6      | Reached XP level 8. HP: 49/71 MP: 7/9
  1184 | D:3      | Reached skill level 9 in Long Blades
  1492 | D:6      | Reached *** piety under Cheibriados
  1545 | D:6      | HP: 2/73 [ogre/giant spiked club (30)]
  1681 | D:6      | Found a runed door.
  1685 | D:6      | Noticed Crazy Yiuf
  1688 | D:6      | Killed Crazy Yiuf
  1724 | D:6      | Noticed Dowan
  1732 | D:6      | Killed Dowan
  1766 | D:6      | Noticed Sigmund
  1776 | D:6      | Killed Sigmund
  1776 | D:6      | Reached skill level 10 in Long Blades
  1776 | D:6      | Reached XP level 9. HP: 79/79 MP: 9/11
  1828 | D:7      | Bought a scroll of blinking for 82 gold pieces
  2027 | D:8      | Found a staircase to the Lair.
  2053 | D:8      | Reached **** piety under Cheibriados
  2261 | D:9      | Learned a level 5 spell: Lee's Rapid Deconstruction
  2269 | D:9      | Found a deep blue altar of Sif Muna.
  2313 | D:8      | Reached skill level 1 in Earth Magic
  2319 | D:8      | Reached skill level 11 in Long Blades
  2446 | D:9      | Reached ***** piety under Cheibriados
  2447 | D:9      | Reached skill level 5 in Invocations
  2547 | D:10     | Entered Level 10 of the Dungeon
  2647 | D:10     | Noticed a troll
  2657 | D:10     | Killed a troll
  2657 | D:10     | Reached skill level 1 in Spellcasting
  2669 | D:10     | Noticed a two-headed ogre
  2675 | D:10     | Killed a two-headed ogre
  2675 | D:10     | Reached XP level 10. HP: 56/90 MP: 11/13
  2748 | D:10     | Noticed a two-headed ogre
  2753 | D:10     | Killed a two-headed ogre
  2945 | D:11     | Noticed a rakshasa
  2945 | D:11     | Noticed a cyclops
  2951 | D:11     | Killed a rakshasa
  2951 | D:11     | Reached skill level 12 in Long Blades
  2958 | D:11     | Killed a cyclops
  3045 | D:11     | Noticed a cyan ugly thing
  3067 | D:11     | Killed a cyan ugly thing
  3071 | D:11     | Noticed a cyclops
  3090 | D:11     | Killed a cyclops
  3090 | D:11     | Reached XP level 11. HP: 28/97 MP: 6/14
  3093 | D:11     | Noticed a six-headed hydra
  3295 | D:11     | Noticed a skeletal warrior
  3307 | D:11     | Noticed a two-headed ogre
  3314 | D:11     | Killed a two-headed ogre
  3314 | D:11     | Reached skill level 5 in Earth Magic
  3350 | D:11     | Noticed a two-headed ogre
  3358 | D:11     | Killed a two-headed ogre
  3370 | D:11     | Noticed a skeletal warrior
  3370 | D:11     | Noticed a skeletal warrior
  3370 | D:11     | Noticed a skeletal warrior
  3459 | D:12     | Killed an unseen horror
  3478 | D:12     | Found a transporter.
  3610 | D:12     | Found a staircase to the Orcish Mines.
  3615 | D:12     | Reached skill level 13 in Long Blades
  3795 | D:12     | Noticed a seven-headed hydra
  3925 | D:12     | Found a transporter.
  3929 | D:12     | Reached skill level 10 in Fighting
  3931 | D:12     | Identified the Reference Book on Ghastly Contamination
  4022 | D:12     | Noticed a deep elf mage
  4105 | D:12     | Reached XP level 12. HP: 42/106 MP: 14/16
  4127 | D:12     | Killed a seven-headed hydra
  4235 | D:12     | Found a shattered altar of Ashenzari.
  4359 | D:14     | Found a gate to the Vaults.
  4390 | D:14     | Noticed a centaur warrior
  4403 | D:14     | Killed a centaur warrior
  4438 | D:15     | Entered Level 15 of the Dungeon
  4455 | D:15     | Found Idocakhlo's Antique Armour Emporium.
  4510 | D:14     | Noticed a centaur warrior
  4513 | D:14     | Killed a centaur warrior
  4513 | D:14     | Reached skill level 14 in Long Blades
  4556 | D:14     | Noticed a six-headed hydra
  4569 | D:15     | Noticed a centaur warrior
  4582 | D:15     | Killed a centaur warrior
  4880 | D:14     | Noticed Josephine
  4881 | D:14     | Noticed a centaur warrior
  4884 | D:14     | Killed a centaur warrior
  4884 | D:14     | Reached skill level 10 in Dodging
  4888 | D:14     | Killed Josephine
  4907 | D:14     | Noticed a tengu warrior
  4920 | D:14     | Killed a tengu warrior
  5068 | D:13     | Got a brightly glowing ivory ring
  5070 | D:13     | Identified the ring of Myegoed {rPois MP+9} (You found it on level 13 of the Dungeon)
  5096 | D:13     | Found a burning altar of Makhleb.
  5144 | D:12     | Reached XP level 13. HP: 116/116 MP: 18/18
  5192 | D:13     | Found Sistil's Book Boutique.
  5232 | D:13     | Found Septouru's Weapon Shoppe.
  5403 | Orc:1    | Entered Level 1 of the Orcish Mines
  5406 | Orc:2    | Entered Level 2 of the Orcish Mines
  5636 | Orc:1    | Noticed Snorg
  5644 | Orc:1    | Killed Snorg
  5715 | Orc:1    | Reached skill level 15 in Long Blades
  5917 | Orc:1    | Found a roughly hewn altar of Beogh.
  6015 | Orc:2    | Found a staircase to the Elven Halls.
  6334 | Orc:2    | Gained mutation: Your body sometimes deteriorates upon taking damage. [a neqoxec]
  6457 | Orc:2    | Found Nufeulax's Antique Weapon Emporium.
  6457 | Orc:2    | Found Vufov's Magic Scroll Emporium.
  6458 | Orc:2    | Found Udobba Loklu's Armour Shop.
  6458 | Orc:2    | Found Jenuem's Food Shop.
  6479 | Orc:2    | Bought a scroll of enchant weapon for 112 gold pieces
  6489 | Orc:2    | Bought the +10 plate armour "Posiekki" {rPois rF- rC+++ Dex+4} for 1483 gold pieces
  6632 | Elf:1    | Entered Level 1 of the Elven Halls
  6635 | Elf:1    | Reached skill level 1 in Armour
  6635 | Elf:1    | Reached skill level 5 in Spellcasting
  6742 | Elf:1    | Noticed a deep elf sorcerer
  6750 | Elf:1    | Killed a deep elf sorcerer
  6750 | Elf:1    | Reached XP level 14. HP: 30/125 MP: 20/20
  6755 | Elf:1    | HP: 3/125 [something (7)]
  6755 | Elf:1    | Killed from afar by a deep elf mage

Vault maps used:
D:1:      wheals_arrival_linesprint
D:3:      st_stairs_11
D:4:      kennysheep_mini, gup_ossuary_entry_pyramid, first_ration, uniq_edmund
D:5:      minmay_gold_behind_fungi, kennysheep_generic_room_5
D:6:      uniq_duvessa, uniq_crazy_yiuf_cottage, uniq_pikel, uniq_sigmund
D:7:      lemuel_coloured_pillars_altar, nicolae_dithmenos_the_darkroom,
          minmay_temple_entry_glass, basic_altar, serial_shops, shop_statue
D:8:      minmay_lair_entry_lava, serial_curves, eino_curves_02, eino_curves_01
D:9:      lemuel_crystal_altar
D:10:     uniq_urug
D:12:     gammafunk_cloud_chamber, kennysheep_orc_monster_closet_entryway,
          basic_altar
D:13:     basic_altar, serial_shops, shop, shop
D:14:     hangedman_fish_farm, uniq_josephine
D:15:     hangedman_depths_entry_try_elsewhere_first, minivault_19,
          serial_shops, shop, shop
Temple:   dpeg_five_rooms_temple
Orc:1:    minmay_orc_temple_b, uniq_snorg
Orc:2:    st_orc_elflike
Elf:1:    elf_arrival_002, serial_shops, shop, trove_entry_hex_spiral,
          minmay_elf_necromancy

Skill      XL: |  1  2  3  4  5  6  7  8  9 10 11 12 13 |
---------------+----------------------------------------+-----
Long Blades    | 4 5 6 7 8 10 11 12 13 14 15 | 15.8
Fighting       | 4 5 6 7 8 9 10 11 | 11.8
Dodging        | 4 5 6 7 8 9 10 11 | 11.0
Invocations    | 1 2 4 5 6 7 8 9 |  9.0
Earth Magic    | 2 4 6 7 9 |  9.0
Spellcasting   | 1 2 3 4 5 |  5.1
Armour         | 1 |  1.8
Stealth        | |  1.5

Action                   |  1- 3 |  4- 6 |  7- 9 | 10-12 | 13-15 || total
-------------------------+-------+-------+-------+-------+-------++-------
Melee: Falchion          |    14 |    38 |   135 |       |       ||   187
       Headbutt          |     4 |     7 |    90 |   170 |   128 ||   399
       Unarmed           |       |    10 |       |    12 |       ||    22
       Scimitar          |       |       |    87 |   405 |   296 ||   788
Throw: Throwing net      |       |       |       |     2 |       ||     2
Invok: Temporal Distorti |       |       |       |     5 |     4 ||     9
       Slouch            |       |       |       |    11 |    11 ||    22
Evoke: Wand              |       |     6 |    11 |    31 |     2 ||    50
  Use: Scroll            |       |     8 |     5 |     4 |     4 ||    21
       Potion            |       |     1 |       |     9 |     2 ||    12
 Stab: Sleeping          |     2 |       |     3 |     2 |       ||     7
       Invisible         |       |       |       |     3 |       ||     3
       Paralysed         |       |       |       |     2 |       ||     2
       Held in net/web   |       |       |       |     2 |       ||     2
  Eat: Chunk             |       |       |     3 |     9 |     6 ||    18
Armor: Robe              |     6 |       |       |       |       ||     6
       Ring mail         |       |    11 |    34 |    62 |       ||   107
       Skin              |       |    25 |       |    15 |       ||    40
       Troll leather arm |       |       |       |     4 |    22 ||    26
       Plate armour      |       |       |       |       |    10 ||    10
Dodge: Dodged            |    25 |    27 |   115 |   206 |   153 ||   526
Block: Shield            |       |    16 |   140 |   260 |   135 ||   551
       Rpst.: Falchion   |     5 |     7 |    21 |       |       ||    33
       Scimitar          |       |       |     7 |    41 |    31 ||    79

Table legend:
 A = Spawn XP
 B = Non-spawn XP
 C = Spawn XP percentage of total XP
 D = Spawn monster count
 E = Non-spawn monster count
 F = Spawn count percentage of total count
 G = Total turns spent on level
                    A         B        C        D         E        F      G
               +---------+---------+-------+---------+---------+-------+---------
         Total |       0 |   65971 |   0.0 |       0 |     402 |   0.0 |  6755
               +---------+---------+-------+---------+---------+-------+---------
           D:1 |       0 |      16 |   0.0 |       0 |       2 |   0.0 |   114
           D:2 |       0 |      91 |   0.0 |       0 |       7 |   0.0 |   173
           D:3 |       0 |     177 |   0.0 |       0 |      15 |   0.0 |   232
           D:4 |       0 |      78 |   0.0 |       0 |       6 |   0.0 |   247
           D:5 |       0 |      66 |   0.0 |       0 |       5 |   0.0 |   228
           D:6 |       0 |    1744 |   0.0 |       0 |      20 |   0.0 |   446
           D:7 |       0 |     915 |   0.0 |       0 |      10 |   0.0 |   323
           D:8 |       0 |     980 |   0.0 |       0 |      13 |   0.0 |   367
           D:9 |       0 |     740 |   0.0 |       0 |      17 |   0.0 |   268
          D:10 |       0 |    3200 |   0.0 |       0 |      30 |   0.0 |   354
          D:11 |       0 |    7288 |   0.0 |       0 |      36 |   0.0 |   514
          D:12 |       0 |   10115 |   0.0 |       0 |      75 |   0.0 |   981
          D:13 |       0 |    1774 |   0.0 |       0 |      19 |   0.0 |   360
          D:14 |       0 |    8637 |   0.0 |       0 |      27 |   0.0 |   333
          D:15 |       0 |    3684 |   0.0 |       0 |       9 |   0.0 |   314
        Temple |       0 |      50 |   0.0 |       0 |       1 |   0.0 |   149
         Orc:1 |       0 |    7171 |   0.0 |       0 |      39 |   0.0 |   464
         Orc:2 |       0 |   11669 |   0.0 |       0 |      60 |   0.0 |   765
         Elf:1 |       0 |    7576 |   0.0 |       0 |      11 |   0.0 |   123
               +---------+---------+-------+---------+---------+-------+---------
